Map: New Repugnancy LE

Players

Voltage

  • Race: Zerg Zerg
  • League: Master
  • Spawn Location: 7:00

Mez - Winner!

  • Race: Terran Terran
  • League: Master
  • Spawn Location: 1:00

VOD

Have the link to the VOD?

Description

Time

  • Played on: July 28, 2019, 6:56 p.m.
  • Length: 7:56
Show
View Real Time Build Order
Export as new Build Order

Voltage Zerg 

Build Orders: Hatch First 

Get SALT Encoding   

  12  0:01  Drone  
  13  0:12  Overlord  
  13  0:17  Drone  
  14  0:30  Drone x2  
  14  0:34  Drone  
  17  0:51  Hatchery  
  17  0:54  Drone  
  17  0:57  Drone  
  18  1:12  Spawning Pool  
  18  1:16  Drone, Extractor  
  17  1:19  Drone  
  18  1:28  Drone  
  19  1:39  Drone  
  20  1:49  Drone  
  21  2:06  Queen x2  
  21  2:07  Zergling x4  
  27  2:14  Overlord  
  27  2:28  Extractor  
  26  2:35  Drone x3  
  29  2:40  Hatchery, Metabolic Boost  
  28  2:51  Drone x4  
  31  3:01  Drone  
  30  3:15  Drone x3  
  30  3:16  Drone x3  
  36  3:22  Overlord  
  35  3:27  Spore Crawler  
  34  3:40  Drone x2, Roach Warren  
  36  3:42  Drone x2  
  38  3:53  Extractor  
  37  4:03  Drone x5  
  37  4:04  Overlord, Drone  
  37  4:07  Extractor  
  43  4:21  Overlord  
  43  4:27  Overlord  
  43  4:28  Roach x3  
  43  4:29  Roach x4  
  43  4:30  Overlord  
  57  4:38  Queen  
  57  4:41  Zergling x12  
  65  4:51  Zergling x2  
  66  5:06  Zergling x2  
  66  5:07  Overlord  
  66  5:08  Overlord  
  66  5:13  Overlord x3  
  64  5:19  Ravager x2  
  66  5:30  Extractor, Baneling Nest  
  66  5:31  Zergling x16  
  72  5:44  Zergling x10  
  77  5:51  Zergling x4  
  79  5:58  Zergling x2  
  79  5:59  Zergling x8  
  84  6:07  Zergling x2  
  84  6:08  Zergling x14  
  84  6:09  Overlord  
  92  6:13  Baneling x19  
  92  6:15  Zergling x2  
  93  6:26  Zergling x6  
  93  6:27  Zergling x4  
  97  6:38  Zergling x2  
  97  6:39  Zergling x16  
  85  6:47  Zergling x4  
  85  6:50  Zergling x2  
  62  7:08  Baneling x5  
  56  7:09  Zergling x2, Baneling x3  
  56  7:10  Zergling x14  
  64  7:18  Zergling x4  
  64  7:20  Zergling x2  
  64  7:22  Baneling x4  
Show
View Real Time Build Order
Export as new Build Order

Mez Terran - Winner!

Build Orders: Reaper Expand 

Get SALT Encoding   

  12  0:01  SCV  
  13  0:13  SCV  
  14  0:17  Supply Depot  
  14  0:25  SCV  
  15  0:39  SCV  
  15  0:41  Barracks  
  16  0:44  Refinery  
  16  0:51  SCV  
  17  1:03  SCV  
  18  1:15  SCV  
  19  1:28  Reaper, Orbital Command  
  20  1:41  Command Center  
  20  1:53  Barracks  
  20  1:59  SCV  
  21  2:04  Barracks Reactor  
  21  2:11  Barracks  
  21  2:22  SCV  
  22  2:23  Engineering Bay  
  22  2:26  Supply Depot  
  21  2:34  SCV  
  22  2:43  Marine  
  23  2:46  Barracks Tech Lab  
  23  2:47  Marine  
  23  2:49  SCV  
  25  2:56  Orbital Command  
  25  3:00  Marine  
  25  3:01  SCV  
  27  3:07  Marine x2  
  28  3:13  Combat Shield  
  28  3:18  SCV  
  29  3:20  Marine x2  
  29  3:25  Marine  
  32  3:30  SCV  
  33  3:35  SCV  
  33  3:39  Marine x3  
  37  3:42  SCV  
  37  3:43  Supply Depot  
  37  3:44  Engineering Bay  
  37  3:47  SCV  
  39  3:54  SCV  
  40  3:59  SCV  
  40  4:01  Marine x4  
  45  4:06  SCV  
  45  4:08  Supply Depot  
  46  4:10  Terran Infantry Weapons Level 1  
  46  4:11  SCV, Supply Depot  
  47  4:18  SCV, Marine  
  47  4:19  Marine x2  
  47  4:24  SCV  
  52  4:25  Marine  
  52  4:30  SCV  
  54  4:36  Stimpack, SCV, Marine x2  
  57  4:42  SCV  
  57  4:43  Command Center  
  59  4:52  SCV  
  59  4:55  SCV  
  59  4:57  Refinery  
  59  4:58  Refinery  
  60  5:04  Marine x4  
  63  5:07  SCV x2  
  63  5:09  Factory  
  63  5:11  Barracks  
  63  5:12  Barracks  
  65  5:19  SCV x2  
  67  5:22  Marine x3  
  70  5:40  Supply Depot x2  
  70  5:41  Supply Depot  
  70  5:42  Supply Depot  
  70  5:44  Barracks Reactor  
  70  5:54  Marine x3, Starport, Factory Reactor  
  70  5:55  SCV x2  
  70  5:56  Orbital Command  
  75  6:04  Barracks Reactor x2  
  75  6:08  SCV x2  
  77  6:12  Marine  
  77  6:16  Orbital Command  
  78  6:19  Supply Depot x2  
  78  6:20  SCV, Marine x3  
  78  6:21  Marine  
  83  6:29  SCV  
  83  6:30  Marine  
  83  6:32  SCV  
  82  6:41  SCV  
  82  6:46  Marine x2  
  67  6:51  Marine x5  
  67  6:52  Marine x2  
  55  7:04  Reaper  
  55  7:17  Supply Depot  
  55  7:18  Marine x4  
  55  7:19  Marauder, Medivac  
  55  7:20  Engineering Bay  
  55  7:22  Engineering Bay  
  63  7:24  Medivac  
  58  7:43  Engineering Bay  
Tags
 
Add a new tag
Caveats
  • Supply blocks, unpowered buildings, or Contaminate may cause inaccurate times.
  • Supply counts are checked every 10 seconds.